AoeStats
← kV0t3

Arabia

509486604Analyzed
3v3 RM · 5d ago on Sep 26, 2026· 38m 31s· 6 players
Game mode
Random Map
Map size
Normal (6 player)
Population
200
Speed
Normal
Resources
Standard
Victory
Conquest
Starting age
Dark Age
Ending age
Imperial Age
RankedLock teamsTeams togetherTeam positionsShared explorationLock speedFull tech treeHidden civsTurbo modeCheats
Victory
Defeat
🇦🇷 Franks · Argentina
1381
+15
🇦🇷 Ethiopians · Argentina
1369
+15
🇦🇷 Maya · Argentina
1333
+17
🇨🇱 Ethiopians · Chile
1405
-17
🇨🇦 Saxons · Canada
1375
-17
🇻🇪 Varangians · Venezuela
1292
-13
N0rth
6:51 Loom
9:11 Feudal Age
13:03 Fletching
14:30 Town Watch
25:17 Double-Bit Axe
25:51 Padded Archer Armor
29:24 Castle Age
27:50 Gold Mining
28:15 Horse Collar
30:02 Bodkin Arrow
29:29 Crossbowman
34:03 Ballistics
34:43 Bow Saw
36:21 Thumb Ring
GrandeAcure
9:29 Feudal Age
10:00 Double-Bit Axe
13:35 Bloodlines
21:05 Castle Age
18:55 Loom
21:11 Castle Age
20:57 Scale Barding Armor
21:25 Horse Collar
21:59 Forging
22:26 Gold Mining
25:10 Chain Barding Armor
28:47 Fletching
30:10 Bodkin Arrow
32:31 Wheelbarrow
34:47 Bow Saw
36:35 Hand Cart
Arkhan
6:06 Loom
8:42 Feudal Age
9:16 Double-Bit Axe
16:09 Fletching
17:55 Padded Archer Armor
18:38 Wheelbarrow
23:55 Castle Age
22:05 Gold Mining
26:09 Bow Saw
26:51 Horse Collar
27:10 Town Watch
28:14 Hand Cart
31:48 Imperial Age
30:15 Crossbowman
31:14 Bodkin Arrow
31:51 Arbalester
32:32 Bracer
33:12 Leather Archer Armor
33:59 Ballistics
34:15 Thumb Ring
38:18 Bow Saw
38:12 Heavy Plow
[@LLNET]ZADBACK
6:18 Loom
8:34 Feudal Age
15:21 Forging
16:21 Scale Barding Armor
22:32 Castle Age
21:03 Gold Mining
22:34 Light Cavalry
23:15 Husbandry
23:36 Chain Barding Armor
24:37 Double-Bit Axe
25:44 Bow Saw
27:07 Iron Casting
35:39 Wheelbarrow
34:50 Town Watch
37:57 Imperial Age
37:46 Gold Shaft Mining
38:01 Hand Cart
38:01 Cavalier
39:17 Plate Barding Armor
kV0t3
0:26 Loom
8:48 Feudal Age
14:46 Fletching
15:53 Double-Bit Axe
17:19 Padded Archer Armor
25:24 Castle Age
24:03 Gold Mining
23:53 Horse Collar
26:14 Bow Saw
25:26 Crossbowman
26:01 Bodkin Arrow
27:17 Leather Archer Armor
28:28 Ballistics
32:28 Heavy Plow
33:20 Wheelbarrow
35:51 Imperial Age
35:06 Wheelbarrow
36:43 Wheelbarrow
36:45 Bracer
38:24 Arbalester
ZIZOU
6:48 Loom
9:22 Feudal Age
10:21 Double-Bit Axe
13:07 Fletching
17:28 Horse Collar
21:47 Gold Mining
26:53 Castle Age
28:25 Gold Shaft Mining
27:21 Crossbowman
28:24 Thumb Ring
28:15 Bodkin Arrow
29:00 Bow Saw
30:28 Wheelbarrow
30:27 Ballistics
37:23 Imperial Age
36:35 Padded Archer Armor
37:53 Hand Cart
37:29 Arbalester
39:20 Chemistry
39:08 Conscription
Connection lost

Rejoining the realm…

Still unreachable

The connection could not be restored.

Session expired

The server has moved on; the page needs a fresh start.